Map: Ascension to Aiur LE

Players

Drunkenboi

  • Race: Terran Terran
  • Spawn Location: 5:00

puCK (Nina) - Winner!

  • Race: Protoss Protoss
  • Spawn Location: 11:00

Event: WCS Montreal 2017

VOD

Have the link to the VOD?

Description

Time

  • Played on: Sept. 8, 2017, 3:04 p.m.
  • Length: 6:40

All games in this series

Show
View Real Time Build Order
Export as new Build Order

Drunkenboi Terran 

Build Orders: Cyclone Opening, Gas First Reaper Expand, Reaper Expand 

Get SALT Encoding   

  12  0:01  SCV  
  13  0:13  SCV  
  14  0:17  Supply Depot  
  14  0:25  SCV  
  14  0:28  Refinery  
  15  0:38  SCV  
  16  0:45  Barracks  
  16  0:51  SCV  
  17  1:03  SCV  
  18  1:15  SCV  
  19  1:32  Orbital Command  
  19  1:33  Reaper  
  20  1:47  Command Center  
  20  1:58  Factory  
  20  2:02  SCV  
  21  2:08  Supply Depot  
  21  2:13  Barracks Reactor  
  21  2:15  SCV  
  22  2:24  Refinery  
  22  2:27  SCV  
  23  2:36  Barracks  
  23  2:39  SCV  
  24  2:46  Cyclone  
  24  2:51  Marine  
  28  2:52  Marine  
  28  2:55  SCV  
  29  3:07  Barracks  
  29  3:11  Marine  
  29  3:12  Marine  
  31  3:19  Cyclone  
  34  3:25  Barracks Tech Lab  
  34  3:31  Orbital Command  
  34  3:36  Marine x2  
  36  3:41  SCV  
  36  3:44  Stimpack  
  36  3:46  Marine  
  37  3:59  Widow Mine  
  37  4:02  Marine x2  
  39  4:03  Marine  
  39  4:07  Supply Depot  
  39  4:08  Marine  
  41  4:20  Marine x2  
  41  4:23  Marine  
  39  4:26  Marine  
  34  4:34  Cyclone  
  34  4:35  SCV x2  
  34  4:38  Marine  
  38  4:41  Marine  
  38  4:43  Marine  
  38  4:45  Supply Depot, Marine  
  41  4:59  Marine  
  38  5:01  Marine  
  38  5:03  Marine  
  38  5:05  SCV  
  29  5:16  SCV  
  29  5:17  Marine, SCV  
  29  5:19  Marine  
  31  5:21  Marine  
  32  5:35  Marine  
  26  5:37  Marine  
  26  5:39  Marine  
  18  5:51  SCV x2  
  18  5:55  Marine  
  24  5:59  Marine  
  24  6:03  SCV  
  23  6:13  Marine  
  23  6:16  SCV x2  
  23  6:17  Marine  
Show
View Real Time Build Order
Export as new Build Order

puCK Protoss - Winner!

Build Orders:  

Get SALT Encoding   

  12  0:01  Probe (Chrono Boost)  
  13  0:11  Probe (Chrono Boost)  
  14  0:19  Pylon  
  14  0:22  Probe (Chrono Boost)  
  15  0:37  Probe (Chrono Boost), Gateway  
  16  0:43  Assimilator  
  16  0:47  Probe (Chrono Boost)  
  17  0:51  Assimilator  
  17  0:58  Probe (Chrono Boost)  
  18  1:08  Probe (Chrono Boost)  
  19  1:19  Probe (Chrono Boost)  
  20  1:26  Cybernetics Core  
  20  1:30  Probe (Chrono Boost)  
  21  1:40  Probe (Chrono Boost)  
  21  1:45  Pylon  
  22  2:04  Robotics Facility  
  22  2:05  Robotics Facility  
  22  2:06  Adept (Chrono Boost)  
  24  2:09  Probe  
  24  2:14  Pylon  
  25  2:16  Warp Gate  
  25  2:22  Pylon  
  25  2:32  Adept (Chrono Boost)  
  27  2:53  Immortal (Chrono Boost)  
  33  3:02  Warp Prism (Chrono Boost)  
  33  3:13  Adept  
  35  3:28  Immortal (Chrono Boost)  
  43  3:44  Pylon  
  43  3:46  Immortal (Chrono Boost)  
  43  3:57  Gateway  
  43  4:09  Immortal (Chrono Boost)  
  47  4:39  Immortal (Chrono Boost)  
  47  4:43  Observer (Chrono Boost)  
  48  4:51  Stalker  
  50  5:02  Observer (Chrono Boost)  
  55  5:18  Immortal (Chrono Boost)  
  55  5:24  Pylon  
  55  5:25  Pylon  
  49  5:44  Immortal (Chrono Boost)  
  49  5:49  Stalker x2  
  61  6:02  Immortal (Chrono Boost)  
  61  6:13  Adept x2  
Tags
 
Add a new tag
Caveats
  • Supply blocks, unpowered buildings, or Contaminate may cause inaccurate times.
  • Supply counts are checked every 10 seconds.